 Dungeon Crawl Stone Soup version 0.29.1-1-gd02db6906a (webtiles) character file.

Game seed: 10267462619094131272

14980 EvilAshe the Carver (level 12, -8/94 (95) HPs)
             Began as a Human Fighter on Sept 21, 2022.
             Was a High Priest of Okawaru.
             Mangled by an eight-headed hydra (9 damage)
             ... on level 10 of the Dungeon.
             The game lasted 00:50:30 (19121 turns).

EvilAshe the Carver (Human Fighter)                Turns: 19121, Time: 00:50:30

HP:   -8/94 (95)    AC: 26    Str: 21    XL:     12   Next: 52%
MP:   9/16          EV:  8    Int: 16    God:    Okawaru [*****.]
Gold: 706           SH: 12    Dex: 12    Spells: 11/11 levels left

rFire   . . .      SeeInvis .   V - +1 scimitar (freeze)
rCold   . . .      Faith    .   I - +0 kite shield
rNeg    + . .      Spirit   .   F - +0 plate armour
rPois   .          Reflect  .   T - +0 helmet
rElec   .          Harm     .   G - +0 cloak
rCorr   .          Rampage  .   O - +2 pair of gloves
Will    .....                   d - +1 pair of boots
Stlth   ..........              n - amulet of regeneration
HPRegen 1.05/turn               U - ring of positive energy
MPRegen 0.15/turn               K - +6 ring of intelligence

@: heroic, finesse-ful, lightly drained
A: no striking features
a: Renounce Religion, Heroism, Finesse, Duel


You were on level 10 of the Dungeon.
You worshipped Okawaru.
Okawaru was extremely pleased with you.
You visited 2 branches of the dungeon, and saw 13 of its levels.

You collected 706 gold pieces.

Inventory:

Hand Weapons
 L - a +1 long sword of freezing
 V - a +1 scimitar of freezing (weapon)
Missiles
 k - 94 stones
 r - 66 poisoned darts
 s - 3 atropa-tipped darts
 M - 5 boomerangs (quivered)
 N - a curare-tipped dart
Armour
 d - a +1 pair of boots (worn)
 F - a +0 plate armour (worn)
 G - a +0 cloak (worn)
 I - a +0 kite shield (worn)
 O - a +2 pair of gloves (worn)
 T - a +0 helmet (worn)
Jewellery
 e - an amulet of guardian spirit
 n - an amulet of regeneration (around neck)
 K - a +6 ring of intelligence (right hand)
 U - a ring of positive energy (left hand)
Wands
 w - a wand of digging (2)
 z - a wand of flame (17)
 P - a wand of iceblast (3)
 Q - a wand of mindburst (10)
Scrolls
 b - a scroll of enchant armour
 h - a scroll of vulnerability
 x - a scroll of immolation
Potions
 f - 4 potions of brilliance
 i - a potion of magic
 l - 2 potions of mutation
 q - 2 potions of heal wounds
 t - a potion of ambrosia
 v - a potion of flight
 A - 2 potions of lignification
 C - a potion of invisibility
 D - 2 potions of berserk rage
 E - a potion of attraction {unknown}
 H - a potion of resistance
 S - a potion of cancellation {unknown}
 W - a potion of might


   Skills:
 + Level 9.3(14.3) Fighting
 - Level 14.0(19.0) Long Blades
 + Level 0.3(5.3) Throwing
 + Level 9.2(14.2) Armour
 + Level 7.3(12.3) Shields
 + Level 5.4 Invocations


You had 11 spell levels left.
You didn't know any spells.
Your spell library contained the following spells:

 Spells                   Type           Power      Damage    Failure   Level
 Apportation              Tloc           0%         N/A       99%         1
 Necrotise                Necr           0%         1d4       99%         1
 Sandblast                Erth           0%         2d4       99%         1
 Shock                    Conj/Air       0%         1d3       99%         1
 Blink                    Tloc           0%         N/A       100%        2
 Passwall                 Tmut/Erth      0%         N/A       100%        2
 Scorch                   Fire           0%         2d5       100%        2
 Frozen Ramparts          Ice            0%         1d1       100%        3
 Gell's Gravitas          Tloc           0%         N/A       100%        3
 Lesser Beckoning         Tloc           0%         N/A       100%        3
 Stone Arrow              Conj/Erth      0%         3d7       100%        3
 Swiftness                Air            0%         N/A       100%        3
 Teleport Other           Tloc           0%         N/A       100%        3
 Airstrike                Air            0%         2d(0-16)  100%        4
 Flame Wave               Conj/Fire      0%         2d4       100%        4
 Ice Form                 Ice/Tmut       0%         N/A       100%        4
 Passage of Golubria      Tloc           0%         N/A       100%        4
 Blade Hands              Tmut           0%         N/A       100%        5
 Irradiate                Conj/Tmut      0%         3d11      100%        5
 Lightning Bolt           Conj/Air       0%         1d11      100%        5
 Manifold Assault         Tloc           0%         N/A       100%        5
 Yara's Violent Unravell  Hex/Tmut       0%         3d3       100%        5
 Dispersal                Tloc           0%         N/A       100%        6
 Dragon Form              Tmut           0%         N/A       100%        7
 Lehudib's Crystal Spear  Conj/Erth      0%         10d2      100%        8
 Summon Small Mammal      Summ           Unusable   N/A       N/A         1
 Tukima's Dance           Hex            Unusable   N/A       N/A         3
 Animate Armour           Summ/Erth      Unusable   N/A       N/A         4
 Summon Ice Beast         Ice/Summ       Unusable   N/A       N/A         4
 Summon Lightning Spire   Summ/Air       Unusable   N/A       N/A         4
 Summon Cactus Giant      Summ           Unusable   N/A       N/A         6

Dungeon Overview and Level Annotations

Branches:
Dungeon (12/15)            Temple (0/1) D:6            Lair (1/5) D:10
    Orc: D:9-12

Altars:
Ashenzari
Dithmenos
Hepliaklqana
Okawaru
Qazlal
Sif Muna
Xom
Zin
The Shining One

Shops:
D:5 :   D:7 :   D:9 *(

Annotations:
D:11 4 runed translucent doors


Message History

You throw a throwing net.
The throwing net hits the eight-headed hydra.
The eight-headed hydra is too large for the net to hold!
The eight-headed hydra barely misses you.
The eight-headed hydra bites you but does no damage. x3
The eight-headed hydra misses you.
The eight-headed hydra bites you but does no damage.
The eight-headed hydra barely misses you.
The eight-headed hydra bites you but does no damage.
Throw: 5 boomerangs
Press: ? - help, Q - select action, (/) - cycle Shift-Dir - straight line, f/p - eight-headed hydra
Aim: an eight-headed hydra (82% to hit)
You throw a boomerang.
The boomerang hits the eight-headed hydra.
The eight-headed hydra is lightly wounded.
Throw: 5 boomerangs
Press: ? - help, Q - select action, (/) - cycle Shift-Dir - straight line, f/p - eight-headed hydra
Aim: an eight-headed hydra (lightly wounded, 82% to hit)
You throw a boomerang.
The boomerang barely misses the eight-headed hydra.
The eight-headed hydra bites you!
The eight-headed hydra barely misses you.
You block the eight-headed hydra's attack. x2
The eight-headed hydra bites you!
* * * LOW HITPOINT WARNING * * *
You block the eight-headed hydra's attack.
The eight-headed hydra bites you but does no damage.
The eight-headed hydra barely misses you.
Throw: 5 boomerangs
Press: ? - help, Q - select action, (/) - cycle Shift-Dir - straight line, f/p - eight-headed hydra
Aim: an eight-headed hydra (lightly wounded, 82% to hit)
You throw a boomerang.
The boomerang hits the eight-headed hydra!
The eight-headed hydra is lightly wounded.
The eight-headed hydra bites you!
* * * LOW HITPOINT WARNING * * *
The eight-headed hydra bites you!
* * * LOW HITPOINT WARNING * * *
The eight-headed hydra bites you!
You die...

.........# #.#....##...# #....
.........# #.#.#..##...# #....
.........# ##...####...####....
.........#####.....###...........
............#.......##...........
..........###.......#............
..........##.....................
...........#.....................
...............D@รท....#..........
..........##.........##..........
..........##.........##..........
..........###.......###..........
..........# #.......# #..........
..........# ##.....####..........
..........#####...###............
............lz...................
#################################


You could see an eight-headed hydra.

Vanquished Creatures
  2 two-headed ogres
  An ugly thing (D:11)
  An elephant (D:10)
  The ghost of Notanamesir the Thaumaturge, a novice DECj (D:6)
  2 gargoyles
  A spectral unseen horror (D:6)
  An unseen horror zombie (D:6)
  A kobold demonologist (D:5)
  A tengu conjurer (D:11)
  An unseen horror (D:10)
  A komodo dragon (D:10)
  A troll (D:11)
  A polar bear (shapeshifter) (D:11)
  2 hornets
  A centaur simulacrum (D:11)
  Sigmund (D:6)
  A wyvern (D:6)
  A wraith (D:9)
  A vampire (D:9)
  2 basilisks (D:10)
  12 yaks
  3 steam dragons
  An unseen horror simulacrum (D:6)
  An acid dragon (D:7)
  3 water moccasins
  5 orc warriors
  2 black bears
  3 sky beasts
  An ice beast (D:4)
  3 wolves
  4 centaurs
  2 ogres
  5 kobold brigands
  2 necrophages
  3 gnoll sergeants
  3 bullfrogs
  3 scorpions
  8 wights
  23 killer bees
  A howler monkey (D:9)
  4 jellies
  3 hounds
  Crazy Yiuf (D:2)
  6 orc priests
  2 gnoll boudas
  Ijyb (D:4)
  Natasha (thrice) (D:2)
  7 iguanas
  11 orc wizards
  A howler monkey skeleton (D:6)
  5 adders
  25 gnolls
  2 shadow imps (D:7)
  3 white imps
  A worm (D:4)
  4 dart slugs
  52 orcs
  10 endoplasms
  4 giant cockroaches
  15 goblins
  12 hobgoblins
  6 jackals
  27 kobolds
  4 quokkas
  8 ball pythons
  5 bats
  A frilled lizard (D:1)
  4 rats (D:1)
339 creatures vanquished.

Vanquished Creatures (others)
  An unseen horror skeleton (D:6)
  4 plants (D:10)
5 creatures vanquished.

Grand Total: 344 creatures vanquished

Notes
Turn   | Place    | Note
-------+----------+-------------------------------------------
     0 | D:1      | EvilAshe the Human Fighter began the quest for the Orb.
     0 | D:1      | Reached XP level 1. HP: 18/18 MP: 1/1
   296 | D:1      | Reached XP level 2. HP: 24/24 MP: 2/2
   466 | D:1      | Reached skill level 3 in Long Blades
   581 | D:2      | Noticed Natasha
   590 | D:2      | Killed Natasha
   591 | D:2      | Reached XP level 3. HP: 29/29 MP: 3/3
   621 | D:1      | Found a faded altar of an unknown god.
   633 | D:1      | Reached skill level 4 in Long Blades
   633 | D:1      | Reached XP level 4. HP: 29/35 MP: 4/4
  1371 | D:2      | Noticed Natasha
  1380 | D:2      | Killed Natasha
  1485 | D:2      | Reached XP level 5. HP: 41/41 MP: 5/5
  1723 | D:2      | Reached skill level 5 in Long Blades
  1778 | D:2      | Noticed Natasha
  1797 | D:2      | Killed Natasha
  2271 | D:2      | Found a runed translucent door.
  2272 | D:2      | Noticed Crazy Yiuf
  2916 | D:3      | Found an iron altar of Okawaru.
  2921 | D:3      | Became a worshipper of Warmaster Okawaru
  2939 | D:3      | Found a shadowy altar of Dithmenos.
  3319 | D:2      | Reached XP level 6. HP: 40/47 MP: 6/6
  3375 | D:3      | Reached skill level 6 in Long Blades
  4110 | D:4      | Reached skill level 13 in Long Blades
  4110 | D:4      | Reached XP level 7. HP: 52/52 MP: 7/7
  4153 | D:5      | Entered Level 5 of the Dungeon
  4275 | D:5      | Noticed a kobold demonologist
  4479 | D:4      | Reached skill level 14 in Long Blades
  4644 | D:4      | Identified the +1 ring mail of Oroiffir {Will+}
  4699 | D:4      | Found a glowing golden altar of the Shining One.
  4703 | D:4      | Noticed Ijyb
  4727 | D:4      | Killed Ijyb
  4727 | D:4      | Reached * piety under Okawaru
  4728 | D:4      | Reached XP level 8. HP: 52/58 MP: 8/8
  5119 | D:4      | Found a faded altar of an unknown god.
  5119 | D:4      | Found a faded altar of an unknown god.
  5119 | D:4      | Found a faded altar of an unknown god.
  5133 | D:4      | Found a hazy altar of Hepliaklqana.
  5419 | D:5      | Identified the +6 short sword "Jivual" {spect, Str+3}
  5882 | D:6      | Reached ** piety under Okawaru
  6294 | D:5      | Found Biysaunt's Tremendous Tomes.
  6335 | D:5      | Reached XP level 9. HP: 57/66 MP: 9/9
  6378 | D:5      | Found a broken altar of Ashenzari.
  6931 | D:5      | Killed a kobold demonologist
  7263 | D:6      | Reached skill level 5 in Fighting
  7284 | D:6      | Found a runed translucent gate.
  7285 | D:6      | Found a runed translucent gate.
  7286 | D:6      | Found a runed translucent gate.
  7287 | D:6      | Noticed Notanamesir's ghost (novice DECj)
  7287 | D:6      | Noticed a spectral unseen horror
  7302 | D:6      | Found a shimmering altar of Xom.
  7370 | D:6      | Noticed Sigmund
  7385 | D:6      | Killed Sigmund
  7386 | D:6      | Reached skill level 5 in Armour
  7673 | D:7      | Found a glowing silver altar of Zin.
  8320 | D:6      | Found a staircase to the Ecumenical Temple.
  8442 | D:6      | Reached *** piety under Okawaru
  8448 | D:6      | Found a shimmering blue altar of Sif Muna.
  8609 | D:6      | Reached XP level 10. HP: 51/76 MP: 10/10
  9835 | D:7      | Found Buiwes's Vocational Training.
 10479 | D:8      | Noticed a gargoyle
 11146 | D:8      | Reached **** piety under Okawaru
 11219 | D:8      | Found a stormy altar of Qazlal.
 11678 | D:8      | Killed a gargoyle
 11679 | D:8      | Reached XP level 11. HP: 84/84 MP: 11/11
 12287 | D:9      | Found Cacexaac's Weapon Shop.
 12467 | D:9      | Noticed a two-headed ogre
 12829 | D:8      | Reached skill level 5 in Shields
 13094 | D:10     | Entered Level 10 of the Dungeon
 13112 | D:9      | Reached ***** piety under Okawaru
 13416 | D:9      | Paralysed by a hornet for 1 turns
 13521 | D:9      | Reached skill level 1 in Invocations
 14880 | D:9      | Killed a two-headed ogre
 15152 | D:9      | Found Nyeqaaph's Demolitions Depot.
 15488 | D:2      | Killed Crazy Yiuf
 15695 | D:6      | Killed Notanamesir's ghost
 16563 | D:10     | Found a staircase to the Lair.
 16563 | D:10     | Noticed an elephant
 16889 | D:10     | Received a gift from Okawaru
 16890 | D:10     | Reached XP level 12. HP: 94/94 MP: 13/15
 18053 | D:11     | Found a runed translucent door.
 18073 | D:11     | Found a runed translucent door.
 18089 | D:11     | Found a runed translucent door.
 18102 | D:11     | Found a runed translucent door.
 18405 | D:11     | Noticed a two-headed ogre
 18416 | D:11     | Killed a two-headed ogre
 18417 | D:11     | Reached skill level 5 in Invocations
 18526 | D:11     | Noticed a tengu warrior
 18578 | D:11     | Noticed a fire crab
 18580 | D:11     | a fire crab changed into a polar bear
 18632 | D:11     | Noticed a six-headed hydra
 18716 | Lair:1   | Entered Level 1 of the Lair of Beasts
 18804 | Lair:1   | Noticed an eight-headed hydra
 18909 | D:11     | Noticed a centaur warrior
 18915 | D:11     | Noticed a flayed ghost
 18915 | D:11     | Noticed a two-headed ogre
 18919 | D:11     | Noticed a two-headed ogre
 18921 | D:11     | Noticed a two-headed ogre
 18922 | D:11     | Identified the +6 hand axe of Faenniad {drain, rF+ Will+
                  | Str+2}
 18922 | D:11     | Noticed a centaur warrior
 18922 | D:11     | Noticed a skeletal warrior
 19121 | D:10     | HP: 1/94 [eight-headed hydra (9)]
 19121 | D:10     | Mangled by an eight-headed hydra

Illustrated notes

Levels and vault maps discovered:
D:1:      dpeg_arrival_central, layout_basic, nicolae_ecumenical_snake_handling
D:2:      kennysheep_big_flooded_room, layout_rooms, uniq_natasha,
          uniq_crazy_yiuf_cottage
D:3:      layout_rooms, mainiacjoe_overflow_swirl, kennysheep_crisscross
D:4:      layout_basic, nicolae_hepliaklqana_ecumenical_no_more,
          nicolae_overflow_hidden_temple, uniq_ijyb
D:5:      layout_cave_pools, ashenzari_conservatory_becter,
          serial_co_window_serial, co_window_of_opportunity_a,
          co_window_corner_a, co_window_paths_a, co_window_paths_a,
          co_window_paths_b, co_window_corner_ca, co_window_unsneaky_path_d,
          co_window_corner_b, co_window_corner_cb, co_window_cross_4,
          glass_columns_b, glass_columns_b, glass_columns_b, glass_columns_b,
          glass_columns_a, nicolae_shop_i_like_big_books, st_stairs_9
D:6:      layout_loops_ring, mainiacjoe_overflow_surrounded_room,
          marbit_many_paths, minmay_temple_entry_trees,
          gammafunk_ghost_necromancy, uniq_sigmund
D:7:      layout_rooms, zin_academy, nicolae_shop_vocational
D:8:      layout_cave_pools, grunt_qazlal_sundering, minmay_circle_x
D:9:      layout_roguey [special_room_orc], serial_shops,
          nicolae_shop_bloodbath_and_beyond, nicolae_blasting_shop,
          kennysheep_generic_room_7
D:10:     layout_long_grid, david_lair_generic
D:11:     minmay_the_grid_square_5x5_5x5_mashed
          [minmay_the_grid_square_5x5_misaligned,
          minmay_the_grid_square_5x5_two_walls_a,
          minmay_the_grid_square_5x5_inner_v,
          minmay_the_grid_square_5x5_minibox,
          minmay_the_grid_square_5x5_eight_small,
          minmay_the_grid_square_5x5_empty,
          minmay_the_grid_square_5x5_prize_monsterx,
          minmay_the_grid_square_5x5_shrine2,
          minmay_the_grid_square_5x5_prize_snowflake,
          minmay_the_grid_square_5x5_inverted_slash,
          minmay_the_grid_square_5x5_tri_point,
          minmay_the_grid_square_5x5_n_small,
          minmay_the_grid_square_5x5_prize_junk,
          minmay_the_grid_square_5x5_detours,
          minmay_the_grid_square_5x5_inner_z, minmay_the_grid_square_5x5_bridge,
          minmay_the_grid_square_5x5_prize_gold,
          minmay_the_grid_square_5x5_minivault,
          minmay_the_grid_square_5x5_prize_open,
          minmay_the_grid_square_5x5_mess, minmay_the_grid_square_5x5_v,
          minmay_the_grid_square_5x5_moneybag,
          minmay_the_grid_square_5x5_percent,
          minmay_the_grid_square_5x5_hollow_slash,
          minmay_the_grid_square_5x5_three], layout_irregular_city,
          minmay_statue_crystal_thing
D:12:     layout_irregular_city, minmay_orc_entry_guard_dogs, serial_shops,
          shop, uniq_rupert
Lair:1:   layout_roguey, cheibrodos_lair_lostbears, grunt_megastairs_4,
          infiniplex_staircase_pool_2, uniq_grum

Skill      XL: |  1  2  3  4  5  6  7  8  9 10 11 12 |
---------------+-------------------------------------+-----
Long Blades    | 3 4 5 13 14 | 14.0
Fighting       | 4 6 7 8 9 |  9.3
Armour         | 4 5 7 8 9 |  9.2
Shields        | 4 6 7 |  7.3
Invocations    | 4 5 |  5.4
Throwing       | |  0.3

Action                   |  1- 3 |  4- 6 |  7- 9 | 10-12 || total
-------------------------+-------+-------+-------+-------++-------
Melee: Long sword        |    47 |   217 |   402 |   961 ||  1627
       Scimitar          |       |       |       |    51 ||    51
Throw: Dart              |       |     9 |    27 |    27 ||    63
       Stone             |       |    15 |    16 |     2 ||    33
       Boomerang         |       |       |       |    45 ||    45
       Throwing net      |       |       |       |     1 ||     1
Invok: Heroism           |       |       |     1 |    18 ||    19
       Finesse           |       |       |       |     1 ||     1
Evoke: Wand              |       |       |       |     6 ||     6
  Use: Scroll            |       |     1 |     5 |    26 ||    32
       Potion            |       |     1 |     1 |     7 ||     9
 Stab: Invisible         |       |       |       |     1 ||     1
Armor: Scale mail        |    22 |    26 |       |       ||    48
       Chain mail        |       |    95 |   163 |   261 ||   519
       Plate armour      |       |       |       |   464 ||   464
Dodge: Dodged            |    17 |    92 |    79 |   247 ||   435
Block: Buckler           |    13 |    48 |    72 |    21 ||   154
       Kite shield       |       |       |       |   460 ||   460
